Map: Catalyst LE

Players

Trizztein

  • Race: Terran Terran
  • League: Diamond
  • Spawn Location: 5:00

A.I. 1 (Medium) - Winner!

  • Race: Terran Terran
  • Spawn Location: 11:00

VOD

Have the link to the VOD?

Description

Time

  • Played on: Jan. 19, 2018, 8:15 a.m.
  • Length: 7:34
Show
View Real Time Build Order
Export as new Build Order

Trizztein Terran 

Build Orders: Cyclone Opening 

Get SALT Encoding   

  12  0:00  SCV  
  13  0:13  SCV  
  14  0:17  Supply Depot  
  14  0:25  SCV  
  15  0:29  Refinery  
  15  0:39  SCV  
  16  0:46  Barracks  
  16  0:51  SCV  
  16  0:57  Refinery  
  17  1:03  SCV  
  18  1:15  SCV  
  19  1:33  Orbital Command  
  19  1:34  Reaper  
  19  1:39  Factory  
  20  1:50  Supply Depot  
  20  2:00  SCV  
  21  2:06  Reaper  
  22  2:12  SCV  
  23  2:24  Cyclone  
  23  2:26  SCV  
  27  2:31  Starport  
  27  2:37  Supply Depot  
  27  2:39  SCV  
  28  2:51  SCV  
  29  2:59  Cyclone  
  29  3:01  Supply Depot  
  29  3:03  SCV  
  33  3:07  Medivac  
  35  3:16  SCV  
  36  3:31  Command Center  
  36  3:33  SCV  
  37  3:43  Cyclone  
  37  3:46  SCV  
  41  3:50  Viking  
  43  3:58  SCV  
  44  4:04  Engineering Bay  
  44  4:10  SCV  
  44  4:16  Factory Tech Lab  
  45  4:22  Starport Tech Lab  
  45  4:25  SCV  
  46  4:37  SCV  
  47  4:43  Orbital Command, Siege Tank  
  47  4:45  Barracks Tech Lab  
  50  4:46  Banshee, Cloaking Field  
  50  4:48  Barracks  
  50  4:50  SCV  
  54  4:57  Barracks  
  54  5:02  SCV  
  54  5:04  Stimpack  
  55  5:09  Refinery  
  55  5:11  SCV  
  55  5:12  Refinery  
  56  5:14  SCV  
  56  5:16  Supply Depot  
  57  5:23  SCV  
  57  5:28  SCV, Banshee  
  59  5:35  Barracks Reactor  
  62  5:38  SCV  
  62  5:39  Supply Depot  
  62  5:40  SCV  
  62  5:41  Marine  
  65  5:46  Barracks Reactor  
  65  5:50  SCV, Supply Depot  
  65  5:52  SCV  
  65  5:55  Engineering Bay  
  67  5:58  Siege Tank  
  67  6:02  SCV  
  71  6:04  SCV  
  71  6:07  Marine  
  71  6:11  Supply Depot  
  73  6:12  Marine x2  
  73  6:14  Supply Depot  
  73  6:15  SCV  
  73  6:16  SCV  
  77  6:21  Starport Reactor  
  77  6:26  Marine  
  77  6:27  SCV  
  77  6:28  SCV  
  77  6:29  Marine  
  77  6:30  Marine  
  82  6:35  Siege Tank  
  82  6:37  Marine x2  
  87  6:43  Supply Depot  
  87  6:45  Marine  
  88  6:47  Marine  
  88  6:50  Marine  
  88  6:51  SCV  
  91  6:55  SCV, Marine  
  91  6:56  Medivac  
  91  6:58  Medivac  
  97  7:03  SCV  
  97  7:05  Marine, Supply Depot  
  97  7:06  Marine, Supply Depot  
  97  7:07  Marine  
  101  7:09  Marine  
  101  7:13  Marine  
  103  7:25  Armory  
  103  7:27  Barracks  
  103  7:28  Barracks  
Show
View Real Time Build Order
Export as new Build Order

A.I. 1 (Medium) Terran - Winner!

Build Orders:  

Get SALT Encoding   

  12  0:00  SCV  
  13  0:13  SCV  
  14  0:19  Supply Depot  
  14  0:25  SCV  
  15  0:41  SCV  
  16  0:42  Barracks  
  16  0:53  SCV  
  17  1:05  SCV  
  18  1:17  Command Center  
  18  1:30  Marine, Orbital Command  
  19  1:38  Supply Depot  
  19  1:45  Refinery  
  19  1:48  Marine  
  20  1:56  SCV  
  21  2:01  Barracks  
  21  2:07  Refinery  
  21  2:08  SCV  
  22  2:18  Marine  
  22  2:20  SCV  
  24  2:28  Supply Depot  
  24  2:36  SCV  
  25  2:37  Barracks Tech Lab  
  25  2:48  Marine  
  26  2:57  SCV, Refinery  
  27  3:01  SCV  
  27  3:05  Marine  
  29  3:06  Barracks Tech Lab  
  29  3:17  Factory  
  29  3:19  SCV  
  30  3:23  Marauder  
  32  3:29  Factory  
  32  3:40  Reaper  
  33  3:43  Refinery  
  33  3:51  SCV  
  33  3:53  SCV  
  35  3:57  Marauder  
  35  4:01  Factory Tech Lab  
  37  4:03  SCV  
  37  4:05  SCV  
  39  4:13  Factory Tech Lab  
  39  4:14  Marine  
  39  4:15  SCV  
  41  4:18  SCV  
  42  4:27  SCV  
  42  4:31  Marine, Supply Depot  
  45  4:39  SCV  
  45  4:44  SCV  
  47  4:48  Marine  
  47  4:52  SCV  
  49  4:56  SCV  
  49  4:57  Supply Depot  
  50  5:04  SCV  
  50  5:06  Marauder  
  53  5:19  SCV  
  54  5:22  Starport  
  54  5:23  Reaper  
  54  5:26  SCV  
  54  5:27  Supply Depot  
  56  5:31  SCV  
  57  5:39  SCV  
  57  5:40  Siege Tank  
  61  5:48  SCV, Engineering Bay  
  62  5:51  Supply Depot  
  62  5:52  SCV  
  63  5:57  Cyclone  
  63  5:59  Starport Tech Lab  
  63  6:00  SCV  
  67  6:04  SCV  
  68  6:13  SCV  
  68  6:14  Siege Tank  
  68  6:15  Missile Turret  
  68  6:17  SCV, Missile Turret  
  73  6:19  Raven, Supply Depot  
  73  6:21  Missile Turret  
  73  6:24  Missile Turret  
  73  6:25  SCV  
  76  6:28  Sensor Tower  
  76  6:29  SCV  
  77  6:35  Armory  
  77  6:37  SCV  
  78  6:41  SCV, Bunker  
  78  6:46  Bunker  
  79  6:49  SCV  
  79  6:51  Supply Depot  
  80  6:57  Barracks  
  80  7:02  Viking  
Tags
 
League
Diamond
Matchup
TvT
Race
Terran
Spawn Locations
Cross Positions
Add a new tag
Caveats
  • Supply blocks, unpowered buildings, or Contaminate may cause inaccurate times.
  • Supply counts are checked every 10 seconds.